 Dungeon Crawl Stone Soup version 0.29.1-13-g9f3cf754e1 (webtiles) character file.

Game seed: 772920488933977766

188 flickminster the Insei (level 5, -3/39 HPs)
             Began as a Demonspawn Transmuter on Feb 5, 2023.
             Was an Initiate of Gozag.
             Killed from afar by an orc wizard (9 damage)
             ... with a puff of flame
             ... on level 3 of the Dungeon.
             The game lasted 00:09:03 (2558 turns).

flickminster the Insei (Demonspawn Transmuter)      Turns: 2558, Time: 00:09:04

Health: -3/39      AC:  4    Str: 11    XL:     5   Next: 39%
Magic:  9/9        EV: 15    Int: 14    God:    Gozag
Gold:   384        SH:  0    Dex: 15    Spells: 8/9 levels left

rFire   . . .      SeeInvis .   n - +2 short sword (drain)
rCold   . . .      Faith    .   (no shield)
rNeg    . . .      Spirit   .   a - +0 robe
rPois   .          Reflect  .   c - +1 helmet
rElec   .          Harm     .   (no cloak)
rCorr   .          Rampage  .   (no gloves)
Will    .....                   (no boots)
Stlth   +.........              p - amulet of magic regeneration
HPRegen 0.13/turn               (no ring)
MPRegen 0.62/turn               (no ring)

@: no status effects
A: hooves 1, repulsion field 1, magic regeneration
a: Renounce Religion, Potion Petition, Call Merchant, Bribe Branch


You were on level 3 of the Dungeon.
You worshipped Gozag.
Gozag was aware of your devotion.
You visited 1 branch of the dungeon, and saw 3 of its levels.

You collected 384 gold pieces.

Inventory:

Hand Weapons
 g - a +0 short sword
 n - a +2 short sword of draining (weapon)
Armour
 a - a +0 robe (worn)
 c - a +1 helmet (worn)
Jewellery
 p - an amulet of magic regeneration (around neck)
Scrolls
 f - 5 scrolls of teleportation {unknown}
 i - a scroll of torment {unknown}
 m - a scroll of fear {unknown}
 o - 2 scrolls of magic mapping {unknown}
 q - 3 scrolls of identify {unknown}
Potions
 b - 4 potions of lignification
 d - a potion of attraction {unknown}
 e - a potion of invisibility {unknown}
 h - a potion of mutation {unknown}
 j - 3 potions of flight {unknown}
 k - a potion of haste {unknown}
 l - a potion of cancellation {unknown}


   Skills:
 + Level 2.3 Fighting
 + Level 2.7 Dodging
 + Level 3.4 Unarmed Combat
 + Level 2.9 Spellcasting
 + Level 2.8 Transmutations


You had 8 spell levels left.
You knew the following spells:

 Your Spells              Type           Power      Damage    Failure   Level
a - Beastly Appendage     Tmut           18%        N/A       7%          1

Your spell library contained the following spells:

 Spells                   Type           Power      Damage    Failure   Level
 Wereblood                Tmut           9%         N/A       11%         2
 Spider Form              Tmut/Pois      6%         N/A       36%         3
 Gell's Gravitas          Tloc           2%         N/A       54%         3
 Teleport Other           Tloc           2%         N/A       54%         3
 Ice Form                 Ice/Tmut       6%         N/A       77%         4
 Dispersal                Tloc           1%         N/A       100%        6


Dungeon Overview and Level Annotations

Branches:
Dungeon (3/15)

Altars:
Gozag


Innate Abilities, Weirdness & Mutations

You have large cloven feet.
You are surrounded by a mild repulsion field. (EV +2)
You regenerate magic rapidly.


Message History

The orc wizard is lightly wounded.
The orc wizard misses you. The orc misses you.
You closely miss the orc wizard.
The orc wizard is lightly wounded.
The orc wizard barely misses you. The orc hits you with a +0 war axe!
You hit the orc wizard. You kick the orc wizard.
The orc wizard is heavily wounded.
The orc wizard closely misses you. The orc closely misses you.
You hit the orc wizard but do no damage.
You drain the orc wizard.
The orc wizard is heavily wounded.
The orc wizard casts a spell at you.
You are confused.
The orc hits you but does no damage. The orc barely misses you.
You miss the orc wizard.
The orc wizard is heavily wounded.
The orc wizard hits you with a +0 dagger.
The orc misses you.
You closely miss the orc wizard. Your kick misses the orc wizard.
The orc wizard is heavily wounded.
The orc wizard hits you but does no damage.
The orc hits you but does no damage.
You hit the orc. You drain the orc. Your kick misses the orc.
The orc is almost dead.
The orc wizard misses you. The orc barely misses you.
You closely miss the orc wizard. Your kick misses the orc wizard.
The orc wizard is heavily wounded.
You feel less confused. The orc wizard closely misses you.
The orc hits you with a +0 war axe.
You barely miss the orc wizard.
The orc wizard is heavily wounded.
The orc wizard hits you with a +0 dagger.
The orc hits you with a +0 war axe!
* * * LOW HITPOINT WARNING * * *
The orc misses you.
The orc wizard points at you and mumbles some strange words.
The puff of flame hits you!
You die...
Your body crumbles into a pile of gold.

######## #......#####
#..........#
#..#.#.#.#.#
#....$.....#
#.[#o#.#.#.###
#...@o.......#
#..#.#.#.#.#.########
#..........#.........
#..#.#.#.#....#######
#..........#### #####
#.#######..#####.....
#.# #>......+.....
#....####.#..###.....
#......##.# .....


You could see an orc wizard (very drained) and an orc (very drained).

Vanquished Creatures
  A black bear (D:3)
  An iguana (D:3)
  An adder (D:3)
  A worm (D:3)
  A dart slug (D:3)
  3 orcs (D:3)
  7 ball pythons
  5 bats
  5 endoplasms
  3 giant cockroaches
  4 goblins
  9 hobgoblins
  A jackal (D:3)
  6 kobolds
  2 quokkas
  3 frilled lizards (D:1)
  2 rats
55 creatures vanquished.

Notes
Turn   | Place    | Note
-------+----------+-------------------------------------------
     0 | D:1      | flickminster the Demonspawn Transmuter began the quest for
                  | the Orb.
     0 | D:1      | Reached XP level 1. HP: 15/15 MP: 3/3
   235 | D:1      | Gained mutation: You have large cloven feet. [demonic
                  | ancestry]
   235 | D:1      | Reached XP level 2. HP: 15/21 MP: 5/5
   711 | D:1      | Found a faded altar of an unknown god.
   731 | D:1      | Prayed at the altar of an unknown god.
   731 | D:1      | Became a worshipper of Gozag Ym Sagoz the Greedy
  1071 | D:2      | Gained mutation: You are surrounded by a mild repulsion
                  | field. (EV +2) [demonic ancestry]
  1071 | D:2      | Reached XP level 3. HP: 26/26 MP: 6/6
  1204 | D:2      | Reached skill level 3 in Unarmed Combat
  1790 | D:3      | Noticed a black bear
  1801 | D:3      | Killed a black bear
  1802 | D:3      | Reached XP level 4. HP: 18/33 MP: 6/8
  1804 | D:3      | Gained mutation: You regenerate magic rapidly. [demonic
                  | ancestry]
  1804 | D:3      | Reached XP level 5. HP: 21/38 MP: 7/9
  2558 | D:3      | Killed from afar by an orc wizard

Illustrated notes

Levels and vault maps discovered:
D:1:      dpeg_arrival_rooms_with_view, layout_basic,
          ebering_ecumenical_altar_webs
D:2:      layout_basic
D:3:      minmay_angry_zag, layout_basic, mainiacjoe_overflow_24_doors,
          serial_glass, glass_columns_b, glass_columns_c, glass_columns_c,
          glass_columns_b, glass_columns_b, glass_columns_a, glass_columns_a,
          glass_columns_c, serial_bayou_crossing

Skill      XL: |  1  2  3 |
---------------+----------+-----
Dodging        | 2 |  2.7
Transmutations | 2 |  2.8
Unarmed Combat | 3 |  3.4
Fighting       | 2 |  2.3
Spellcasting   | |  2.9

Action                   |  1- 3 |  4- 6 || total
-------------------------+-------+-------++-------
Melee: Unarmed           |    19 |       ||    19
       Kick              |    28 |    15 ||    43
       Short sword       |    82 |    49 ||   131
       Headbutt          |     5 |       ||     5
       Punch             |     3 |       ||     3
 Cast: Beastly Appendage |    11 |       ||    11
 Stab: Sleeping          |     3 |       ||     3
Armor: Robe              |    16 |    15 ||    31
Dodge: Dodged            |    81 |    37 ||   118
